 Dungeon Crawl Stone Soup version 0.21.1-1-g345015fe64 (webtiles) character file.

1010 Lavandula the Magician (level 8, -2/52 HPs)
             Began as a Barachi Earth Elementalist on July 23, 2018.
             Was a Follower of Cheibriados.
             Slain by a wight
             ... wielding a +2 mace of crushing
              (3 damage)
             ... on level 7 of the Dungeon.
             The game lasted 00:12:32 (2629 turns).

Lavandula the Magician (Barachi Earth Elementalist) Turns: 2629, Time: 00:12:32

Health: -2/52      AC:  2    Str: 11    XL:     8   Next: 21%
Magic:  10/18      EV: 19    Int: 21    God:    Cheibriados [*.....]
Gold:   287        SH:  0    Dex: 19    Spells: 0/21 levels left

rFire    . . .     SeeInvis .     - Unarmed
rCold    . . .     Gourm    .   (shield currently unavailable)
rNeg     . . .     Faith    .   (armour currently unavailable)
rPois    .         Spirit   .   (helmet currently unavailable)
rElec    .         Reflect  .   (cloak currently unavailable)
rCorr    .         Harm     +   (gloves currently unavailable)
MR       +....                  (boots currently unavailable)
Stlth    ++........             m - amulet of harm
HPRegen  0.17/turn              o - ring of protection from magic
MPRegen  0.16/turn              D - ring of poison resistance

@: spider-form (expiring), very slightly contaminated, drained, very slow
A: tiny, +LOS, swims
a: End Transformation, Bend Time, Renounce Religion


You were on level 7 of the Dungeon.
You worshipped Cheibriados.
Cheibriados was aware of your devotion.
You were hungry.
You were a venomous arachnid creature.
You visited 2 branches of the dungeon, and saw 8 of its levels.

You collected 287 gold pieces.

Inventory:

Hand Weapons
 i - a +0 hand axe (melded)
 l - a cursed +0 dagger
 C - a +0 battleaxe
Missiles
 b - 56 stones (quivered)
 x - 5 javelins
Armour
 c - a +0 robe
 p - a +1 leather armour of cold resistance (melded)
 s - a +0 pair of gloves
Jewellery
 g - an uncursed amulet of guardian spirit
 m - an amulet of harm (around neck)
 o - a ring of protection from magic (left front leg)
 u - an uncursed ring of protection from fire
 D - a ring of poison resistance (right front leg)
Scrolls
 j - 5 scrolls of teleportation {unknown}
 n - 2 scrolls of remove curse {unknown}
 q - 2 scrolls of fear {unknown}
 r - a scroll of amnesia {unknown}
 v - a scroll of fog {unknown}
 w - 6 scrolls of identify {unknown}
Potions
 a - a potion of resistance {unknown}
 f - a potion of experience {unknown}
 h - 2 potions of curing {unknown}
 k - 2 potions of heal wounds
 t - a potion of cancellation {unknown}
 z - a potion of brilliance
 A - a potion of might {unknown}
Books
 e - a book of Geomancy

   Spells                             Type                      Level
   a - Sandblast                      Earth                        1
   b - Passwall                       Transmutation/Earth          2
   c - Stone Arrow                    Conjuration/Earth            3
   d - Petrify                        Transmutation/Earth          4
   e - Lee's Rapid Deconstruction     Earth                        5
 y - a book of Changes

   Spells                             Type                      Level
   a - Beastly Appendage              Transmutation                1
   b - Sticks to Snakes               Transmutation                2
   c - Spider Form                    Transmutation/Poison         3
   d - Ice Form                       Ice/Transmutation            4
   e - Blade Hands                    Transmutation                5
Comestibles
 d - 11 rations


   Skills:
 - Level 3.0(2.0) Axes
 - Level 2.1(1.2) Dodging
 - Level 1.7(0.8) Stealth
 - Level 4.5(3.5) Unarmed Combat
 - Level 7.0(5.9) Spellcasting
 + Level 2.5(1.6) Transmutations
 - Level 4.0(3.0) Earth Magic


You couldn't memorise any spells.
You knew the following spells:

 Your Spells              Type           Power        Failure   Level  Hunger
a - Sandblast             Erth           ###...       10%         1    None
b - Stone Arrow           Conj/Erth      ##....       34%         3    ##.....
c - Petrify               Tmut/Erth      ###.....     58%         4    ####...
d - Lee's Rapid Deconstr  Erth           ###.......   78%         5    #####..
e - Spider Form           Tmut/Pois      #.........   43%         3    ##.....
f - Blade Hands           Tmut           ##........   92%         5    #####..


Dungeon Overview and Level Annotations

Branches:
Dungeon (7/15)             Temple (1/1) D:6

Altars:
Cheibriados
Fedhas
Hepliaklqana
Kikubaaqudgha
Makhleb
Nemelex Xobeh
Okawaru
Qazlal
Ru
Sif Muna
Vehumet
Wu Jian
Yredelemnul
Zin
The Shining One

Annotations:
D:2 Terence
D:3 Robin


Innate Abilities, Weirdness & Mutations

Shadows flee at your approach. (+LOS)
You can swim through water.
((You cover ground slowly.))
((You can hop short distances.))


Message History

The wight is severely damaged.
You hit the wight but do no damage.
The wight is severely damaged.
The wight hits you with a great sword!
You feel drained.
You hit the wight.
The wight is almost destroyed.
The wight barely misses you.
You hit the wight but do no damage.
The wight is almost destroyed.
You hit the wight.
The wight is almost destroyed.
You hit the wight.
The wight is lightly damaged.
Your transformation is almost over.
The wight hits you with a great sword!
The wight hits you with a mace of crushing!
* * * LOW HITPOINT WARNING * * *
You feel drained.
* * * LOW HITPOINT WARNING * * *
You die...

......... .. ##.....# #.
###......# #. #........##
#. #.........#######.
#..............##.
#...).....####....
#........## #.##.
#s#......# #.##.
.......zz##.....# #.##.
##############..#####.##.
#...........
#####.######.### #
###..............# .
....###.######.... ..#
#..# #.# #.#.# ..# #..#
#.# .#..#


You could see 2 wights.

Vanquished Creatures
  A necrophage (D:7)
  2 bullfrogs (D:6)
  3 scorpions
  A wight (D:7)
  A crimson imp (D:7)
  2 bullfrog zombies
  A hound (D:5)
  A jelly (D:5)
  An orc priest (D:6)
  4 worker ants
  4 orc wizards
  A hound skeleton (D:6)
  A howler monkey zombie (D:5)
  8 adders
  A shadow imp (D:4)
  4 worms
  A dart slug (D:1)
  6 leopard geckos
  17 orcs
  3 giant cockroaches
  A hobgoblin (D:1)
  12 jackals
  3 quokkas
  2 bats
  A frilled lizard (D:4)
  6 goblins
  4 kobolds
  A leopard gecko skeleton (D:4)
  7 rats
100 creatures vanquished.

Notes
Turn   | Place    | Note
-------+----------+-------------------------------------------
     0 | D:1      | Lavandula the Barachi Earth Elementalist began the quest for the Orb.
     0 | D:1      | Reached XP level 1. HP: 13/13 MP: 3/3
   188 | D:1      | Reached XP level 2. HP: 17/19 MP: 0/5
   200 | D:1      | Reached skill level 3 in Spellcasting
   452 | D:3      | Noticed Terence
   457 | D:3      | Reached XP level 3. HP: 21/24 MP: 8/8
   530 | D:2      | Reached skill level 4 in Spellcasting
   696 | D:3      | Reached XP level 4. HP: 21/30 MP: 10/10
   701 | D:3      | Learned a level 3 spell: Stone Arrow
   706 | D:3      | Learned a level 4 spell: Petrify
   767 | D:3      | Noticed Robin
   891 | D:4      | Found a basalt altar of Yredelemnul.
   907 | D:4      | Reached skill level 5 in Spellcasting
   907 | D:4      | Reached XP level 5. HP: 13/35 MP: 3/12
   960 | D:5      | Entered Level 5 of the Dungeon
  1266 | D:5      | Reached skill level 6 in Spellcasting
  1273 | D:5      | Reached XP level 6. HP: 41/41 MP: 8/15
  1338 | D:5      | Learned a level 5 spell: Lee's Rapid Deconstruction
  1355 | D:5      | Reached skill level 1 in Axes
  1593 | D:6      | Reached XP level 7. HP: 46/46 MP: 15/17
  1758 | D:6      | Found a staircase to the Ecumenical Temple.
  1786 | Temple   | Entered the Ecumenical Temple
  1819 | Temple   | Became a worshipper of Cheibriados the Contemplative
  1854 | D:6      | Learned a level 3 spell: Spider Form
  2035 | D:6      | Reached skill level 1 in Unarmed Combat
  2202 | D:7      | Reached XP level 8. HP: 26/52 MP: 4/18
  2414 | D:7      | Reached skill level 7 in Spellcasting
  2421 | D:7      | Learned a level 5 spell: Blade Hands
  2594 | D:7      | Reached * piety under Cheibriados
  2629 | D:7      | HP: 1/52 [wight/mace of crushing (4)]
  2629 | D:7      | Slain by a wight

Skill      XL: |  1  2  3  4  5  6  7  8 |
---------------+-------------------------+-----
Spellcasting   | 3 4 5 6 7 |  7.0
Axes           | 3 |  3.0
Earth Magic    | 4 |  4.0
Transmutations | 2 |  2.5
Unarmed Combat | 4 |  4.5
Dodging        | |  2.1
Stealth        | |  1.7

Action                   |  1- 3 |  4- 6 |  7- 9 || total
-------------------------+-------+-------+-------++-------
Melee: Unarmed           |    11 |       |    47 ||    58
       Hand axe          |    35 |    41 |    31 ||   107
 Cast: Sandblast         |    31 |    58 |    16 ||   105
       Stone Arrow       |       |     1 |    18 ||    19
       Spider Form       |       |       |     4 ||     4
 Abil: Hop               |     3 |     1 |     1 ||     5
  Use: Potion            |       |     1 |     2 ||     3
 Stab: Sleeping          |     2 |     2 |       ||     4
  Eat: Chunk             |       |     3 |     4 ||     7
Armor: Robe              |     9 |       |       ||     9
       Leather armour    |    12 |    22 |     8 ||    42
       Skin              |       |       |     2 ||     2
Dodge: Dodged            |    51 |    56 |    89 ||   196
